AoeStats
← De1moS

Arabia

513658903Analyzed
1v1 RM · 3d ago on Oct 14, 2026· 62m 6s· 2 players
Game mode
Random Map
Map size
Tiny (2 player)
Population
200
Speed
Normal
Resources
Standard
Victory
Conquest
Starting age
Dark Age
Ending age
Imperial Age
RankedLock teamsTeams togetherTeam positionsShared explorationLock speedFull tech treeHidden civsTurbo modeCheats
Victory
Defeat
🇮🇳 Cumans · India
1213
+17
vs
🇹🇷 Vietnamese · Türkiye
1239
-17
De1moS
6:58 Loom
9:53 Feudal Age
10:24 Double-Bit Axe
15:25 Horse Collar
21:08 Castle Age
20:54 Wheelbarrow
20:43 Scale Barding Armor
20:59 Town Watch
21:49 Forging
22:00 Bloodlines
26:16 Chain Barding Armor
27:15 Capped Ram
27:32 Elite Skirmisher
28:43 Bow Saw
29:46 Padded Archer Armor
29:37 Fletching
31:27 Hand Cart
33:38 Bodkin Arrow
35:50 Iron Casting
36:29 Heavy Plow
38:17 Ballistics
42:13 Imperial Age
39:19 Light Cavalry
42:51 Steppe Husbandry
43:19 Conscription
44:11 Steppe Husbandry
43:46 Elite Steppe Lancer
45:14 Cavalier
47:32 Chemistry
46:50 Thumb Ring
47:56 Paladin
49:40 Leather Archer Armor
50:00 Plate Barding Armor
51:51 Ring Archer Armor
52:59 Stone Mining
59:22 Blast Furnace
58:58 Hussar
61:33 Siege Ram
Mr.B
6:16 Loom
9:12 Feudal Age
9:42 Double-Bit Axe
9:40 Horse Collar
19:10 Gold Mining
23:27 Castle Age
22:05 Padded Archer Armor
22:08 Stone Mining
22:11 Fletching
23:44 Crossbowman
24:57 Bow Saw
24:59 Thumb Ring
24:53 Bodkin Arrow
28:20 Town Watch
29:11 Heavy Plow
34:01 Wheelbarrow
40:26 Leather Archer Armor
40:50 Stone Shaft Mining
41:37 Hand Cart
42:03 Ballistics
45:42 Imperial Age
43:36 Masonry
43:07 Treadmill Crane
47:03 Hoardings
47:32 Chemistry
46:01 Arbalester
48:44 Bracer
49:14 Ring Archer Armor
53:12 Siege Engineers
53:32 Paper Money
53:30 Onager
58:00 Pikeman
58:43 Squires
59:36 Halberdier
61:26 Scale Mail Armor
Connection lost

Rejoining the realm…

Still unreachable

The connection could not be restored.

Session expired

The server has moved on; the page needs a fresh start.